 Dungeon Crawl Stone Soup version 0.31-a0-1597-ge7908ec95f (webtiles) character file.

Game seed: 1071635070240648759

213 nujazz the Trooper (level 5, -13/50 HPs)
             Began as a Minotaur Fighter on Jan 7, 2024.
             Was an Initiate of Okawaru.
             Blown up by Ijyb (19 damage)
             ... with a mindburst bolt
             ... on level 4 of the Dungeon.
             The game lasted 00:02:38 (2107 turns).

nujazz the Trooper (Minotaur Fighter)               Turns: 2107, Time: 00:02:39

Health: -13/50     AC: 12    Str: 22    XL:     5   Next: 59%
Magic:  4/4        EV:  9    Int:  5    God:    Okawaru [......]
Gold:   221        SH:  4    Dex: 10    Spells: 4/4 levels left

rFire   . . .        a - +0 war axe
rCold   . . .        c - +0 buckler
rNeg    . . .        b - +0 scale mail
rPois   .            (helmet restricted)
rElec   .            (no cloak)
rCorr   .            e - +0 pair of gloves
SInv    +            (no boots)
Will    .....        (no amulet) Stlth
                     d - ring of see invisible
HPRegen 0.28/turn    u - +4 ring of protection
MPRegen 0.09/turn

%: no passive effects
@: lethally poisoned (-13 -> -26)
A: horns 2, retaliatory headbutt
a: Renounce Religion


You were on level 4 of the Dungeon.
You worshipped Okawaru.
Okawaru was noncommittal.
You visited 2 branches of the dungeon, and saw 5 of its levels.

You collected 221 gold pieces.

Inventory:

Hand Weapons
 a - a +0 war axe (weapon)
Armour
 b - a +0 scale mail (worn)
 c - a +0 buckler (worn)
 e - a +0 pair of gloves (worn)
Jewellery
 d - a ring of see invisible (left hand)
 u - a +4 ring of protection (right hand)
Scrolls
 f - a scroll of fear {unknown}
 g - 2 scrolls of vulnerability {unknown}
 j - 7 scrolls of identify {unknown}
 k - a scroll of immolation {unknown}
 l - a scroll of teleportation {unknown}
 m - a scroll of blinking {unknown}
 q - a scroll of revelation {unknown}
 s - a scroll of summoning {unknown}
Potions
 h - a potion of heal wounds {unknown}
 i - a potion of enlightenment {unknown}
 n - a potion of attraction {unknown}
 o - a potion of berserk rage {unknown}
 p - a potion of ambrosia {unknown}
 r - a potion of mutation {unknown}
 t - a potion of cancellation {unknown}


   Skills:
 + Level 6.0 Fighting
 + Level 5.2 Axes
 - Level 3.6 Armour
 + Level 3.7 Shields


You had 4 spell levels left.
You didn't know any spells.
Your spell library contained the following spells:

 Spells                   Type           Power      Damage    Failure   Level
 Magic Dart               Conj           0%         1d3       86%         1
 Searing Ray              Conj           0%         2d4       94%         2
 Fulminant Prism          Conj/Alch      0%         3d5       100%        4


Dungeon Overview and Level Annotations

Branches:
Dungeon (4/15)             Temple (1/1) D:4

Altars:
Ashenzari
Dithmenos
Elyvilon
Fedhas
Gozag
Hepliaklqana
Kikubaaqudgha
Makhleb
Nemelex Xobeh
Okawaru
Qazlal
Ru
Sif Muna
Trog
Vehumet
Wu Jian
Yredelemnul
Zin
The Shining One

Annotations:
D:4 Ijyb


Innate Abilities, Weirdness & Mutations

You have a pair of horns on your head.
You reflexively headbutt those who attack you in melee.


Message History

You closely miss the adder.
The adder is moderately wounded.
You closely miss Ijyb.
You feel very sick. Ijyb hits you but does no damage.
You are more poisoned.
The adder bites you.
You miss the adder. You headbutt the adder!
You kill the adder!
Okawaru accepts your kill.
You hit Ijyb.
You feel very sick. Ijyb barely misses you. Ijyb hits you but does no damage.
You are more poisoned.
Your Fighting skill increases to level 6!
You are too injured to fight recklessly!
You are too injured to fight recklessly!
You are too injured to fight recklessly!
You are too injured to fight recklessly!
You are too injured to fight recklessly!
You are too injured to fight recklessly!
You are too injured to fight recklessly!
You are too injured to fight recklessly!
You hit Ijyb but do no damage. You headbutt Ijyb.
Ijyb is moderately wounded.
You feel very sick.
Ijyb hits you with a +0 dagger of venom.
You are lethally poisoned!
You barely miss Ijyb.
Ijyb is moderately wounded.
* * * LOW HITPOINT WARNING * * *
You feel extremely sick. Ijyb misses you.
You closely miss Ijyb.
Ijyb is moderately wounded.
* * * LOW HITPOINT WARNING * * *
You feel very sick. Ijyb closely misses you. You furiously retaliate!
You headbutt Ijyb!
Ijyb zaps a wand.
Your mind is blasted!
You die...

#..........(......#
#.................#
#.................#
#....####.........#
#....# #.........#
#....# #.........####
#....# ..............#
#######.#####........#
#. #..g@....#
#........# #........#
....).....#
............#
...#........#
..##........# .#
##########


You could see Ijyb.

Vanquished Creatures
  An ogre (D:4)
  An orc priest (D:2)
  2 adders
  3 dart slugs
  6 orcs
  7 ball pythons
  5 endoplasms
  A giant cockroach (D:1)
  7 goblins
  7 hobgoblins
  8 jackals
  3 quokkas (D:1)
  4 bats
  3 frilled lizards
  4 kobolds
  4 rats
66 creatures vanquished.

Notes
Turn   | Place    | Note
-------+----------+-------------------------------------------
     0 | D:1      | nujazz the Minotaur Fighter began the quest for the Orb.
     0 | D:1      | Reached XP level 1. HP: 19/19 MP: 0/0
   101 | D:1      | Reached skill level 4 in Fighting
   131 | D:1      | Reached XP level 2. HP: 27/27 MP: 1/1
   527 | D:1      | Reached XP level 3. HP: 34/34 MP: 2/2
   676 | D:2      | You fall into a shaft and drop 2 floors!
   692 | D:4      | Found a staircase to the Ecumenical Temple.
   695 | D:4      | Noticed an ogre
   699 | D:4      | Killed an ogre
   700 | D:4      | Reached skill level 5 in Fighting
   700 | D:4      | Reached XP level 4. HP: 42/42 MP: 3/3
   707 | Temple   | Entered the Ecumenical Temple
   729 | Temple   | Became a worshipper of Warmaster Okawaru
   957 | D:3      | Reached XP level 5. HP: 48/48 MP: 4/4
  1620 | D:2      | Reached skill level 5 in Axes
  2095 | D:4      | Noticed Ijyb
  2105 | D:4      | Reached skill level 6 in Fighting
  2107 | D:4      | Blown up by Ijyb

Illustrated notes

Levels and vault maps discovered:
D:1:      ebering_hopf_link, layout_loops_cross
D:2:      cheibrodos_pilgrimage, layout_basic
D:3:      layout_loops_cross
D:4:      layout_basic, minmay_temple_entry_junction, uniq_ijyb
Temple:   nicolae_temple_bog_church

Skill      XL: |  1  2  3  4  5 |
---------------+----------------+-----
Fighting       | 4 5 6 |  6.0
Axes           | 3 4 5 |  5.2
Armour         | |  3.6
Shields        | |  3.7

Action                     |  1- 3 |  4- 6 || total
---------------------------+-------+-------++-------
  Melee: War axe           |    53 |    71 ||   124
         Headbutt          |     5 |     8 ||    13
    Use: Potion            |     1 |       ||     1
 Armour: Scale mail        |    44 |    51 ||    95
  Dodge: Dodged            |    28 |    43 ||    71
  Block: Buckler           |     6 |    15 ||    21

Table legend: (Time is in decaauts)
 A = Elapsed time spent in this place.
 B = Non-inter-level travel time spent in this place.
 C = Inter-level travel time spent in this place.
 D = Time resting spent in this place.
 E = Time spent auto-exploring this place.
 F = Levels seen in this place.
 G = Mean time per level.
                   A        B        C        D        E       F      G
               +--------+--------+--------+--------+--------+-----+--------+
         Total |   2147 |   2032 |    115 |     36 |   1583 |   5 |  429.4 |
       Dungeon |   2101 |   2007 |     94 |     36 |   1583 |   4 |  525.2 |
        Temple |     45 |     24 |     21 |      0 |      0 |   1 |   45.0 |
               +--------+--------+--------+--------+--------+-----+--------+

Top non-repeatable levels by time:
     D:3: 646 daAuts
     D:1: 644 daAuts
     D:2: 585 daAuts
     D:4: 226 daAuts
  Temple: 45 daAuts
